 Dungeon Sprint DCSS version 0.30.1-11-g7821555f0a (webtiles) character file.

Game seed: 14074330837217440847

65 Heoruswealwe the Poker (level 3, -6/37 HPs)
             Began as a Minotaur Fighter on Jan 12, 2024.
             Was an Initiate of Gozag.
             Mangled by a two-headed ogre
             ... wielding a +0 giant club
              (11 damage)
             ... in the Dungeon (Sprint IX: "|||||||||||||||||||||||||||||").
             The game lasted 00:02:15 (150 turns).

Heoruswealwe the Poker (Minotaur Fighter)            Turns: 150, Time: 00:02:16

Health: -6/37      AC: 18    Str: 25    XL:     3   Next: 94%
Magic:  2/2        EV:  8    Int:  5    God:    Gozag
Gold:   0          SH:  0    Dex:  9    Spells: 2/2 levels left

rFire   . . .        b - +2 halberd (protect)
rCold   . . .        (shield currently unavailable)
rNeg    . . .        c - +0 chain mail
rPois   .            (helmet restricted)
rElec   .            h - +0 cloak
rCorr   .            (no gloves)
SInv    .            (no boots)
Will    .....        (no amulet) Stlth
                     k - +3 ring of strength
HPRegen 0.26/turn    (no ring)
MPRegen 0.08/turn

%: no teleportation
@: under a protective aura
A: horns 2, retaliatory headbutt
a: Renounce Religion, Potion Petition, Call Merchant, Bribe Branch


You were in the Dungeon.
You worshipped Gozag.
Gozag was noncommittal.
You visited 1 branch

Inventory:

Hand Weapons
 a - a +0 trident
 b - a +2 halberd of protection (weapon)
Armour
 c - a +0 chain mail (worn)
 d - a +0 buckler
 h - a +0 cloak (worn)
Jewellery
 k - a +3 ring of strength (left hand)
Wands
 l - a wand of quicksilver (10)
Scrolls
 j - 2 scrolls of blinking
Potions
 e - 5 potions of curing
 f - 2 potions of heal wounds
 g - a potion of haste
 i - a potion of berserk rage
 m - a potion of might


   Skills:
 + Level 5.8 Fighting
 * Level 6.9 Polearms
 + Level 5.8 Armour
 - Level 3.6 Shields


You had 2 spell levels left.
You didn't know any spells.
Your spell library was empty.

Dungeon Overview and Level Annotations

Branches:
Dungeon (1/1)

Altars:
Cheibriados
Dithmenos
Elyvilon
Fedhas
Gozag
Hepliaklqana
Kikubaaqudgha
Makhleb
Nemelex Xobeh
Okawaru
Qazlal
Ru
Sif Muna
Trog
Uskayaw
Vehumet
Wu Jian
Xom
Yredelemnul
Zin
The Shining One
Jiyva
Lugonu


Innate Abilities, Weirdness & Mutations

You have a pair of horns on your head.
You reflexively headbutt those who attack you in melee.


Message History

You see here a +0 helmet.
You see here a +3 ring of strength.
You see here a +3 ring of intelligence.
m - a +3 ring of intelligence You see here a +3 ring of strength.
You see here a +0 helmet.
You drop a +3 ring of intelligence.
You see here a +0 helmet.
You see here a +3 ring of strength.
You feel stronger.
m - a +3 ring of strength (left hand) Adjust (i)tems, (s)pells, or (a)bilities?
m - a +3 ring of strength (left hand) Adjust to which letter? (? for menu, Esc to quit)
k - a +3 ring of strength (left hand);
m - a potion of might You open the door.
A troll, 2 orcs, a gnoll sergeant and 2 two-headed ogres come into view.
An orc warrior is wielding a +0 hand axe and wearing a +4 plate armour of willpower.
An orc wizard is wielding a +0 dagger of venom.
The gnoll sergeant is wielding a +2 trident of freezing.
The two-headed ogre shouts in stereo!
The troll shouts!
The orc wizard shouts!
The gnoll sergeant shouts!
You barely miss the two-headed ogre. You headbutt the two-headed ogre!
The two-headed ogre is moderately wounded.
The two-headed ogre completely misses you.
The two-headed ogre hits you with a +0 giant spiked club!
The gnoll sergeant hits you from afar with a +2 trident of freezing.
The gnoll sergeant freezes you.
The gnoll sergeant hits you from afar with a +2 trident of freezing.
The gnoll sergeant freezes you.
You hit the two-headed ogre but do no damage.
Your weapon exudes an aura of protection.
You headbutt the two-headed ogre.
The two-headed ogre is heavily wounded.
The two-headed ogre hits you with a +0 giant club!
* * * LOW HITPOINT WARNING * * *
The two-headed ogre hits you with a +0 giant spiked club!
You die...
Your body crumbles into a pile of gold. ▓▓▓▓▓▓▓▓▓▓▓▓▓▓▓▓▓▓▓▓▓▓▓▓ .OToogO@..[=[)?!'_______ ▓▓▓▓▓▓▓▓▓▓▓▓▓▓▓▓▓▓▓▓▓▓▓▓ $ $$$$$ $ $ $ $$$$$ $$$$$$

You could see 2 two-headed ogres, a troll, an orc warrior, a gnoll sergeant and an orc wizard.

Vanquished Creatures
  A sleepcap (D)
  An iguana (D)
  A dart slug (D)
  2 orcs (D)
  A hobgoblin (D)
  2 ball pythons (D)
  A bat (D)
  A kobold (D)
10 creatures vanquished.

Notes
Turn   | Place    | Note
-------+----------+-------------------------------------------
     0 | D        | Heoruswealwe the Minotaur Fighter began the quest for the
                  | Orb.
     0 | D        | Reached XP level 1. HP: 19/19 MP: 0/0
    13 | D        | Reached skill level 3 in Polearms
    37 | D        | Noticed an iguana
    37 | D        | Noticed a sleepcap
    44 | D        | Killed a sleepcap
    45 | D        | Reached skill level 5 in Fighting
    45 | D        | Reached skill level 5 in Polearms
    45 | D        | Reached skill level 5 in Armour
    45 | D        | Reached XP level 2. HP: 17/29 MP: 1/1
    45 | D        | Reached XP level 3. HP: 21/36 MP: 2/2
    50 | D        | Reached skill level 6 in Polearms
    76 | D        | Found a snail-covered altar of Cheibriados.
    76 | D        | Found a shadowy altar of Dithmenos.
    76 | D        | Found a white marble altar of Elyvilon.
    76 | D        | Found a blossoming altar of Fedhas.
    76 | D        | Found an opulent altar of Gozag.
    77 | D        | Found a hazy altar of Hepliaklqana.
    78 | D        | Found a viscous altar of Jiyva.
    79 | D        | Found an ancient bone altar of Kikubaaqudgha.
    80 | D        | Found a corrupted altar of Lugonu.
    81 | D        | Found a burning altar of Makhleb.
    82 | D        | Found a sparkling altar of Nemelex Xobeh.
    83 | D        | Found an iron altar of Okawaru.
    84 | D        | Became a worshipper of Gozag Ym Sagoz the Greedy
    85 | D        | Found a stormy altar of Qazlal.
    86 | D        | Found a sacrificial altar of Ru.
    87 | D        | Found a shimmering blue altar of Sif Muna.
    88 | D        | Found a bloodstained altar of Trog.
    89 | D        | Found a hide-covered altar of Uskayaw.
    90 | D        | Found a radiant altar of Vehumet.
    91 | D        | Found an ornate altar of the Wu Jian Council.
    92 | D        | Found a shimmering altar of Xom.
    93 | D        | Found a basalt altar of Yredelemnul.
    94 | D        | Found a glowing silver altar of Zin.
    95 | D        | Found a glowing golden altar of the Shining One.
   148 | D        | Noticed a two-headed ogre
   148 | D        | Noticed a troll
   148 | D        | Noticed an orc warrior
   148 | D        | Noticed a gnoll sergeant
   148 | D        | Noticed a two-headed ogre
   150 | D        | Mangled by a two-headed ogre

Illustrated notes

Levels and vault maps discovered:
D:        linesprint [early_d, line_temple, items_1, d_10, items_2, lair_1,
          lair_end, items_3, orc_1, orc_end, items_4, d_15, swamp_1, shoals_1,
          snake_1, spider_1, d_20, vaults_1, items_5, swamp_end, shoals_end,
          snake_end, spider_end, vaults_end, d_27, items_6, zot_1, zot_end,
          crypt_end, forest_end, elf_end, slime_end, tomb_end, abyss_end,
          pan_hell_end]

Skill      XL: |  1  2  3 |
---------------+----------+-----
Polearms       | 5 6 |  6.9
Fighting       | 5 |  5.8
Armour         | 5 |  5.8
Shields        | |  3.6

Action                     || total
---------------------------++-------
  Melee: Trident           ||    31
         Headbutt          ||     7
         Halberd           ||     2
    Use: Potion            ||     1
 Armour: Scale mail        ||     6
  Dodge: Dodged            ||    15
  Block: Buckler           ||     3
